AoeStats
← Panchito_Monroy

Arabia

507495103Analyzed
1v1 RM · 12d ago on Sep 18, 2026· 44m 53s· 2 players
Game mode
Random Map
Map size
Tiny (2 player)
Population
200
Speed
Normal
Resources
Standard
Victory
Conquest
Starting age
Dark Age
Ending age
Imperial Age
RankedLock teamsTeams togetherTeam positionsShared explorationLock speedFull tech treeHidden civsTurbo modeCheats
Victory
Defeat
🇺🇸 Berbers · United States
855
+17
🇨🇴 Ethiopians · Colombia
869
-39
Panchito_Monroy
10:55 Feudal Age
11:36 Horse Collar
12:00 Double-Bit Axe
22:32 Castle Age
21:55 Forging
23:22 Scale Barding Armor
26:03 Husbandry
29:11 Bloodlines
34:18 Bow Saw
36:14 Wheelbarrow
35:25 Town Watch
35:35 Stone Mining
35:38 Gold Mining
35:51 Heavy Plow
39:50 Chain Barding Armor
39:42 Thumb Ring
40:32 Loom
41:09 Fletching
lukyvan0211
7:09 Loom
9:37 Feudal Age
10:03 Double-Bit Axe
14:09 Fletching
15:00 Padded Archer Armor
18:20 Horse Collar
24:17 Castle Age
25:19 Bodkin Arrow
25:39 Leather Archer Armor
25:29 Stone Mining
25:30 Gold Mining
26:24 Squires
27:08 Thumb Ring
27:17 Town Watch
28:44 Scale Mail Armor
28:57 Forging
31:39 Town Patrol
32:35 Chain Mail Armor
32:55 Iron Casting
35:44 Bow Saw
40:59 Imperial Age
39:25 Scale Barding Armor
40:17 Husbandry
41:12 Wheelbarrow
44:00 Bracer
44:30 Ring Archer Armor
Connection lost

Rejoining the realm…

Still unreachable

The connection could not be restored.

Session expired

The server has moved on; the page needs a fresh start.